 Dungeon Crawl Stone Soup version 0.30-a0-629-gd54f4be4f7 (webtiles) character file.

Game seed: 6029750015075549729

3936 kae the Transmogrifier (level 10, -4/68 (81) HPs)
             Began as a Demonspawn Transmuter on Jan 12, 2023.
             Was a Believer of Ru.
             Slain by a sky beast (5 damage)
             ... on level 8 of the Dungeon.
             The game lasted 00:10:04 (7655 turns).

kae the Transmogrifier (Demonspawn Transmuter)      Turns: 7655, Time: 00:10:04

HP:   -4/68 (81)    AC:  8    Str: 10    XL:     10   Next: 1%
MP:   17/18         EV: 10    Int: 18    God:    Ru [**....]
Gold: 448           SH:  5    Dex: 15    Spells: 10/20 levels left

rFire   x . .      SeeInvis .      - Unarmed
rCold   + + +      Faith    .    (shield currently unavailable)
rNeg    . . .      Spirit   .    (body armour currently unavailable)
rPois   +          Reflect  +    (helmet currently unavailable)
rElec   .          Harm     .    (cloak currently unavailable)
rCorr   .          Rampage  .    (gloves currently unavailable)
Will    .....                    (boots unavailable)
Stlth   +                        j - amulet of reflection
HPRegen 0.31/turn                (no ring)
MPRegen 0.16/turn                (no ring)

@: ice-form, wereblooded (expiring), heavily drained
A: freezing attack, amphibious, boosted hp, large, (hooves 3), rugged brown
scales 2, ignite blood 2, powered by pain 2, hated by all
a: End Transformation, Renounce Religion


You were on level 8 of the Dungeon.
You worshipped Ru.
Ru was pleased with you.
You were a creature of crystalline ice.
You visited 2 branches of the dungeon, and saw 9 of its levels.
You also visited: Sewer.

You collected 448 gold pieces.


Innate Abilities, Weirdness & Mutations

You are a creature of crystalline ice.
You have a powerful freezing melee attack.
You are amphibious.
Your maximum health is increased.
Your armour is entirely melded.
You are incapable of wielding weapons or throwing items.
((You have hooves in place of feet.))
(You are mostly covered in rugged brown scales. (AC +2, +5% HP))
Your demonic aura often causes spilled blood to erupt in flames.
You sometimes gain power by taking damage.
You are hated by all.


   Skills:
 - Level 1.0 Fighting
 - Level 1.7 Dodging
 + Level 6.1 Unarmed Combat
 + Level 5.9 Spellcasting
 * Level 8.1 Transmutations
 * Level 6.8 Ice Magic
 - Level 1.6 Poison Magic


You had 10 spell levels left.
You knew the following spells:

 Your Spells              Type           Power      Damage    Failure   Level
a - Beastly Appendage     Tmut           68%        N/A       1%          1
b - Wereblood             Tmut           34%        N/A       1%          2
c - Spider Form           Tmut/Pois      22%        N/A       4%          3
d - Ice Form              Ice/Tmut       32%        N/A       5%          4

Your spell library contained the following spells:

 Spells                   Type           Power      Damage    Failure   Level
 Passwall                 Tmut/Erth      16%        N/A       3%          2
 Kiss of Death            Conj/Necr      20%        2d7       12%         1
 Sandblast                Erth           10%        2d5       12%         1
 Blink                    Tloc           10%        N/A       19%         2
 Sublimation of Blood     Necr           5%         N/A       19%         2
 Petrify                  Tmut/Erth      20%        N/A       22%         4
 Confusing Touch          Hex            5%         N/A       36%         3
 Gell's Gravitas          Tloc           5%         N/A       36%         3
 Stone Arrow              Conj/Erth      10%        3d7       36%         3
 Teleport Other           Tloc           5%         N/A       36%         3
 Olgreb's Toxic Radiance  Pois           11%        N/A       54%         4
 Irradiate                Conj/Tmut      10%        3d15      54%         5
 Yara's Violent Unravell  Hex/Tmut       10%        3d6       54%         5
 Dispel Undead            Necr           5%         3d7       77%         4
 Manifold Assault         Tloc           5%         N/A       77%         4
 Ozocubu's Refrigeration  Ice            14%        4d10      99%         7
 Dispersal                Tloc           2%         N/A       100%        6
 Enfeeble                 Hex            2%         N/A       100%        7
 Storm Form               Tmut/Air       10%        N/A       100%        7
 Ignition                 Fire           2%         3d3       100%        8
 Malign Gateway           Summ/Tloc      Unusable   N/A       N/A         7
 Summon Horrible Things   Summ           Unusable   N/A       N/A         8

Inventory:

Missiles
 d - 50 stones
 g - 22 poisoned darts
 r - a boomerang of dispersal {=f!f}
 w - a boomerang
Armour
 x - a +1 robe of willpower (melded)
   (You took it off Pikel on level 6 of the Dungeon)
 A - a +0 cloak (melded)
   (You took it off Crazy Yiuf on level 7 of the Dungeon)
Jewellery
 j - an amulet of reflection (around neck)
   (You found it on level 2 of the Dungeon)
 I - a +6 ring of intelligence
   (You found it on level 7 of the Dungeon)
Wands
 z - a wand of flame (7)
   (You took it off Crazy Yiuf on level 7 of the Dungeon)
Scrolls
 b - a scroll of silence {!r}
 m - 2 scrolls of teleportation {@r4}
 q - a scroll of enchant weapon
 s - a scroll of fear {unknown}
 u - 2 scrolls of identify {@r1}
 v - a scroll of blinking {unknown}
 y - 3 scrolls of torment {unknown}
Potions
 c - 3 potions of resistance {unknown}
 e - 2 potions of mutation {!q}
 f - 3 potions of haste {unknown}
 h - a potion of flight
 i - 2 potions of curing {@q1}
 k - 2 potions of cancellation {unknown}
 n - 2 potions of might
 o - 2 potions of brilliance
 p - a potion of berserk rage {!q}
 t - 3 potions of heal wounds {@q2}

Dungeon Overview and Level Annotations

Branches:
Dungeon (8/15) Zot: 26951  Temple (1/1) D:5 Zot: 5647   Sewer (visited)
   Lair: D:8-11

Altars:
Ashenzari
Cheibriados
Gozag
Kikubaaqudgha
Makhleb
Nemelex Xobeh
Okawaru
Qazlal
Ru
Sif Muna
Trog
Uskayaw
Vehumet
Wu Jian
Xom

Shops:
D:3

[ ## ..# ...##
#... .....# .
#... #....###
##.. .....
#....####.....
.....#
#.....)......
......#
#)..Yz......
>......##
##))....#####
#....###.)..)..#
#..[..)[.....[.#
##..<.....!.....#
##........>....#
#.........>...#
#.............#
#.......$.....#


You could see a wight.


Message History

😕 HP[+1] MP[+1]
You punch the wight!
You feel a bit better.
You destroy the wight! 😕 HP[+2]
You now have 68 max hp (+1).
You regained 2 hp, and now have 53/68 hp.
Unknown command.
You hit the wight but do no damage. The wight barely misses you.
You block the wight's attack.
Things that are here:
a +0 scimitar; a +0 robe You hit the wight.
The wight hits you with a +1 hand axe.
You feel drained.
The wight hits you with a +0 short sword.
You feel drained. 😮 HP[-9]
You now have 63 max hp (-5).
You take 9 damage, and now have 44/63 hp.
You punch the wight!
You feel a bit better.
You destroy the wight!
The wight hits you but does no damage.
The wight hits you with a +1 hand axe. 😮 HP[-2]
You now have 64 max hp (+1).
You take 2 damage, and now have 42/64 hp.
You hit the wight. You block the wight's attack.
The wight hits you with a +1 hand axe!
You feel drained.
* * * LOW HITPOINT WARNING * * *
You punch the wight! You freeze the wight.
You feel a bit better.
You destroy the wight!
You block the wight's attack. 😨 HP[-11]
You take 11 damage, and now have 31/64 hp.
You punch the wight! You freeze the wight.
A wight comes into view. It is wielding a +0 spear.
The wight closely misses you. 😨 HP[+1] MP[+1]
You punch the wight!
You feel a bit better.
You destroy the wight!
You have reached level 10!
Your demonic ancestry asserts itself...
You feel even more energised by your suffering. 😨 HP[+5]
You now have 74 max hp (+10).
You regained 5 hp, and now have 37/74 hp.
A wight comes into view. It is wielding a +3 great sword.
A sky beast comes into view. 😮 HP[+1]
The wight barely misses you.
A wight comes into view. It is wielding a +4 dagger.
You block the wight's attack.
The sky beast flickers out of sight!
Deactivating autopickup; reactivate with Ctrl-A.
You hit the wight but do no damage.
The wight hits you but does no damage. 😮 HP[+1] MP[+1] Unknown command.
You hit the wight but do no damage. You hit the wight.
The wight barely misses you.
A sky beast appears from thin air!
Reactivating autopickup.
Unknown command.
You completely miss the wight.
You howl as the wereblood boils in your veins!
Your primal bloodlust is almost over.
The wight is stunned by your conviction and fails to attack.
The wight closely misses you.
The sky beast flickers out of sight!
Deactivating autopickup; reactivate with Ctrl-A. 😮 HP[+1]
You punch the wight!
You feel a bit better.
You destroy the wight!
The wight hits you with a +3 great sword!
* * * LOW HITPOINT WARNING * * *
You feel drained.
* * * LOW HITPOINT WARNING * * *
Something hits you but does no damage. 😨 HP[-7]
You now have 73 max hp (-1).
You take 7 damage, and now have 33/73 hp.
You barely miss the wight. The wight hits you but does no damage.
Unknown command.
You punch the wight!
The wight hits you with a +3 great sword!
* * * LOW HITPOINT WARNING * * *
You feel drained.
* * * LOW HITPOINT WARNING * * *
Something hits you but does no damage. The wight hits you with a +4 dagger.
* * * LOW HITPOINT WARNING * * *
😱 HP[-23]
You now have 70 max hp (-3).
You take 23 damage, and now have 10/70 hp.
MASSIVE DAMAGE!! (PAUSE)
You punch the wight!
You feel a bit better.
You destroy the wight!
The wight hits you with a +4 dagger.
* * * LOW HITPOINT WARNING * * *
You feel drained.
* * * LOW HITPOINT WARNING * * *
Something hits you.
* * * LOW HITPOINT WARNING * * *
Something shocks you.
You die...

Skill      XL: |  1  2  3  4  5  6  7  8  9 |
---------------+----------------------------+-----
Transmutations | 2 3 4 5 6 8 |  8.1
Unarmed Combat | 3 4 5 6 |  6.1
Poison Magic   | 1 |  1.6
Spellcasting   | 3 4 5 |  5.9
Ice Magic      | 1 3 5 6 |  6.8
Fighting       | |  1.0
Dodging        | |  1.7

Action                   |  1- 3 |  4- 6 |  7- 9 | 10-12 || total
-------------------------+-------+-------+-------+-------++-------
Melee: Unarmed           |    58 |    86 |   324 |     8 ||   476
       Headbutt          |     7 |     7 |       |       ||    14
       Kick              |     7 |    12 |     5 |       ||    24
       Punch             |     1 |     1 |       |       ||     2
 Cast: Beastly Appendage |    13 |    13 |       |       ||    26
       Wereblood         |     1 |     1 |    11 |       ||    13
       Spider Form       |     2 |     6 |    21 |       ||    29
       Ice Form          |       |       |    27 |       ||    27
Invok: Sacrifice Love    |       |       |     1 |       ||     1
 Abil: End Transformatio |       |       |     2 |       ||     2
  Use: Scroll            |       |     2 |     7 |       ||     9
       Potion            |       |     1 |     1 |       ||     2
 Stab: Sleeping          |       |     1 |     1 |       ||     2
Armor: Robe              |     5 |     6 |     2 |       ||    13
       Skin              |       |     4 |    78 |     4 ||    86
Dodge: Dodged            |    36 |    46 |   179 |     3 ||   264
Block: Other             |       |    16 |    60 |     1 ||    77
       Reflection        |       |       |     4 |       ||     4

Levels and vault maps discovered:
D:1:      grunt_arrival_crossed_arrows, layout_basic,
          hangedman_abyss_or_decor_lesser_grid, nrook_mini_backslash
D:2:      layout_rooms, minmay_pentomino_u4, uniq_terence
D:3:      layout_rooms, serial_forest, infiniplex_forest_clump_medium,
          infiniplex_forest_end_2, infiniplex_forest_clump_long,
          infiniplex_forest_lined_1, infiniplex_forest_clump_diagonal,
          infiniplex_forest_clump_long, serial_shops, shop, minmay_quantized,
          uniq_grinder, uniq_sigmund
D:4:      wad_river_or_something, layout_basic, uniq_blork_the_orc
D:5:      layout_basic, minmay_temple_entry_fiery,
          cheibrodos_sewer_entry_sluice, nicolae_titane
D:6:      kennysheep_spiral_hall, layout_basic, uniq_menkaure, uniq_pikel
D:7:      nicolae_whirlpool, layout_rooms, chequers_jeans, uniq_duvessa,
          uniq_crazy_yiuf_cottage
D:8:      layout_layer_cave, minmay_manual_moon, uniq_erica
Temple:   mainiacjoe_temple_circle_huts

Notes
Turn   | Place    | Note
-------+----------+-------------------------------------------
     0 | D:1      | kae the Demonspawn Transmuter began the quest for the Orb.
     0 | D:1      | Reached XP level 1. HP: 15/15 MP: 3/3
     0 | D:1      | magus.rc [v1.11.3]
   136 | D:1      | Reached skill level 2 in Transmutations
   175 | D:1      | Gained mutation: You sometimes gain a little power by
                  | taking damage. [demonic ancestry]
   175 | D:1      | Reached XP level 2. HP: 21/21 MP: 3/5
   281 | D:1      | Learned a level 2 spell: Wereblood
   670 | D:2      | You pick up a book of Touch and begin reading...
   670 | D:2      | You add the spells Kiss of Death, Confusing Touch and
                  | Dispel Undead to your library.
   686 | D:2      | Reached skill level 3 in Unarmed Combat
   705 | D:2      | Lost mutation: You have razor-sharp toenails. [demonic
                  | ancestry]
   705 | D:2      | Lost mutation: You have sharp toenails. [demonic ancestry]
   705 | D:2      | Gained mutation: You have large cloven feet. [demonic
                  | ancestry]
   705 | D:2      | Reached XP level 3. HP: 9/26 MP: 2/6
   765 | D:2      | You pick up a book of Alchemy and begin reading...
   765 | D:2      | You add the spells Sublimation of Blood, Petrify and
                  | Irradiate to your library.
   786 | D:2      | Learned a level 3 spell: Spider Form
   859 | D:2      | Noticed Terence
   874 | D:2      | Killed Terence
   875 | D:2      | Reached skill level 3 in Transmutations
   875 | D:2      | Gained mutation: You are partially covered in rugged brown
                  | scales. (AC +1, +3% HP) [demonic ancestry]
   875 | D:2      | Reached XP level 4. HP: 11/32 MP: 7/7
  1081 | D:2      | Reached skill level 1 in Poison Magic
  1100 | D:2      | You add the spells Blink, Manifold Assault and Storm Form
                  | to your library.
  1357 | D:3      | HP: 2/32 [acid (7)]
  1496 | D:3      | Lost mutation: You have razor-sharp toenails. [demonic
                  | ancestry]
  1496 | D:3      | Lost mutation: You have sharp toenails. [demonic ancestry]
  1496 | D:3      | Gained mutation: You have hoof-like feet. [demonic
                  | ancestry]
  1496 | D:3      | Reached XP level 5. HP: 38/38 MP: 7/9
  1596 | D:3      | Noticed Grinder
  1646 | D:3      | Noticed Sigmund
  1705 | D:3      | Found Xonoev's Armour Shop.
  1893 | D:3      | Killed Sigmund
  1894 | D:3      | Reached skill level 3 in Spellcasting
  1894 | D:3      | Reached skill level 4 in Transmutations
  1894 | D:3      | Gained mutation: Your demonic aura sometimes causes spilled
                  | blood to erupt in flames. [demonic ancestry]
  1894 | D:3      | Reached XP level 6. HP: 44/44 MP: 7/10
  1906 | D:3      | Learned a level 4 spell: Ice Form
  1985 | D:3      | Paralysed by Grinder for 2 turns
  2009 | D:3      | Killed Grinder
  2010 | D:3      | Reached skill level 4 in Unarmed Combat
  2010 | D:3      | Reached skill level 1 in Ice Magic
  2173 | D:3      | Gained mutation: You are mostly covered in rugged brown
                  | scales. (AC +2, +5% HP) [demonic ancestry]
  2173 | D:3      | Reached XP level 7. HP: 37/50 MP: 12/12
  2402 | D:3      | You pick up a book of Misfortune and begin reading...
  2402 | D:3      | You add the spells Yara's Violent Unravelling and Enfeeble
                  | to your library.
  2524 | D:4      | Reached skill level 2 in Ice Magic
  2577 | D:4      | Reached skill level 5 in Transmutations
  2608 | D:4      | Noticed Blork the orc
  2618 | D:4      | Killed Blork the orc
  2619 | D:4      | Reached skill level 4 in Spellcasting
  2625 | D:4      | You add the spells Gell's Gravitas, Teleport Other and
                  | Dispersal to your library.
  2738 | D:4      | Reached skill level 3 in Ice Magic
  3026 | D:4      | Gained mutation: You have hooves in place of feet. [demonic
                  | ancestry]
  3026 | D:4      | Reached XP level 8. HP: 56/56 MP: 14/14
  3028 | D:4      | You pick up a book of Geomancy and begin reading...
  3028 | D:4      | You add the spells Sandblast, Passwall and Stone Arrow to
                  | your library.
  3505 | D:5      | Entered Level 5 of the Dungeon
  3613 | D:5      | Found a glowing drain.
  3643 | Sewer    | Entered a sewer
  3683 | Sewer    | Reached skill level 6 in Transmutations
  3683 | Sewer    | Reached skill level 4 in Ice Magic
  4562 | D:5      | Reached skill level 5 in Unarmed Combat
  4687 | D:5      | Found a staircase to the Ecumenical Temple.
  4693 | Temple   | Entered the Ecumenical Temple
  5026 | Temple   | Became a worshipper of Ru the Awakened
  5327 | D:6      | You add the spells Malign Gateway and Summon Horrible
                  | Things to your library.
  5366 | D:6      | Noticed Menkaure
  5391 | D:6      | Killed Menkaure
  5392 | D:6      | Reached skill level 5 in Ice Magic
  5655 | D:6      | Reached skill level 5 in Spellcasting
  5655 | D:6      | Gained mutation: Your demonic aura often causes spilled
                  | blood to erupt in flames. [demonic ancestry]
  5655 | D:6      | Reached XP level 9. HP: 57/61 MP: 12/16
  5746 | D:6      | Noticed Pikel
  5754 | D:6      | Killed Pikel
  5755 | D:6      | Reached skill level 7 in Transmutations
  5798 | D:6      | Identified the +9 flail of the Teaching Gods {freeze,
                  | Dex+3}
  5979 | D:6      | You add the spells Olgreb's Toxic Radiance, Ozocubu's
                  | Refrigeration and Ignition to your library.
  6388 | D:7      | Noticed Duvessa
  6388 | D:7      | Noticed Dowan
  6556 | D:7      | Killed Duvessa
  6742 | D:7      | Killed Dowan
  6743 | D:7      | Reached skill level 6 in Ice Magic
  7069 | D:7      | Gained mutation: You are hated by all. [Ru sacrifice]
  7069 | D:7      | Reached * piety under Ru
  7069 | D:7      | Reached ** piety under Ru
  7225 | D:7      | Reached skill level 6 in Unarmed Combat
  7225 | D:7      | Reached skill level 8 in Transmutations
  7358 | D:7      | Found a runed translucent door.
  7359 | D:7      | Noticed Crazy Yiuf
  7537 | D:7      | Killed Crazy Yiuf
  7628 | D:8      | Identified the +5 plate armour of Analysis {Harm *Slow
                  | rC+++ Int-5}
  7644 | D:8      | Gained mutation: You sometimes gain power by taking damage.
                  | [demonic ancestry]
  7644 | D:8      | Reached XP level 10. HP: 37/62 MP: 15/18
  7654 | D:8      | HP: 15/70 [wight/+3 great sword (5)]
  7655 | D:8      | HP: 7/70 [wight/+4 dagger (5)]
  7655 | D:8      | HP: 1/68 [something (4)]
  7655 | D:8      | Slain by a sky beast

Vanquished Creatures
  Pikel (D:6)
  Grinder (D:3)
  Sigmund (D:3)
  Menkaure (D:6)
  Duvessa (D:7)
  A water moccasin (Sewer)
  2 ice beasts
  A sky beast (D:7)
  2 black bears
  2 ogres
  2 centaurs (D:7)
  A lemure (D:6)
  2 phantoms
  Blork the orc (D:4)
  4 scorpions
  2 bullfrogs
  A necrophage (D:6)
  11 wights
  Dowan (D:7)
  2 jellies
  Crazy Yiuf (D:7)
  3 hounds
  5 orc priests
  Terence (D:2)
  An iguana (D:6)
  3 orc wizards
  11 gnolls
  A river rat (D:5)
  8 adders
  A white imp (D:6)
  An ufetubus (D:5)
  4 worms
  2 dart slugs
  40 orcs
  8 ball pythons
  6 bats
  9 endoplasms
  4 giant cockroaches
  6 goblins
  6 hobgoblins
  6 quokkas
  A frilled lizard (D:1)
  7 kobolds
  7 rats
182 creatures vanquished.

Vanquished Creatures (others)
  3 plants (D:3)
3 creatures vanquished.

Grand Total: 185 creatures vanquished

Table legend:
 A = Non-vault XP
 B = Vault XP
 C = Vault XP percentage of total XP
 D = Non-vault monster count
 E = Vault monster count
 F = Vault count percentage of total count
                 A         B        C        D         E       F
            +---------+---------+-------+---------+---------+-------
      Total |    3220 |    2475 |  43.5 |     144 |      37 |  20.4
            +---------+---------+-------+---------+---------+-------
        D:1 |      32 |       0 |   0.0 |      13 |       0 |   0.0
        D:2 |      43 |      45 |  51.1 |      14 |       5 |  26.3
        D:3 |      86 |     571 |  86.9 |      16 |       6 |  27.3
        D:4 |     443 |     219 |  33.1 |      25 |      10 |  28.6
        D:5 |     705 |      19 |   2.6 |      33 |       2 |   5.7
        D:6 |     603 |     986 |  62.1 |      21 |       6 |  22.2
        D:7 |     718 |     487 |  40.4 |      14 |       5 |  26.3
        D:8 |     590 |       0 |   0.0 |       8 |       0 |   0.0
      Sewer |       0 |     148 | 100.0 |       0 |       3 | 100.0
            +---------+---------+-------+---------+---------+-------

Illustrated notes

Table legend:
 A = Kills in this place as a percentage of kills in entire the game.
 B = Kills by you in this place as a percentage of kills by you in the entire game.
 C = Kills by friends in this place as a percentage of kills by friends in the entire game.
 D = Other kills in this place as a percentage of other kills in the entire game.
 E = Experience gained in this place as a percentage of experience gained in the entire game.
 F = Experience gained in this place divided by the number of levels of this place that you have seen.
                   A       B       C       D       E      F
               +-------+-------+-------+-------+-------+----------------------
         Total | 100.0 | 100.0 |   N/A |   N/A | 100.0 | 569.5
       Dungeon |  98.3 |  98.3 |   N/A |   N/A |  97.4 | 693.4
         Sewer |   1.7 |   1.7 |   N/A |   N/A |   2.6 | 148.0
               +-------+-------+-------+-------+-------+----------------------

Table legend: (Time is in decaauts)
 A = Elapsed time spent in this place.
 B = Non-inter-level travel time spent in this place.
 C = Inter-level travel time spent in this place.
 D = Time resting spent in this place.
 E = Time spent auto-exploring this place.
 F = Levels seen in this place.
 G = Mean time per level.
                   A        B        C        D        E       F      G
               +--------+--------+--------+--------+--------+-----+--------+
         Total |   7622 |   7237 |    385 |    500 |   5342 |  10 |  762.2 |
       Dungeon |   7114 |   6762 |    352 |    500 |   4928 |   8 |  889.2 |
        Temple |    352 |    319 |     33 |      0 |    297 |   1 |  352.0 |
         Sewer |    154 |    154 |      0 |      0 |    117 |   1 |  154.0 |
               +--------+--------+--------+--------+--------+-----+--------+

Top non-repeatable levels by time:
     D:6: 1543 daAuts
     D:4: 1144 daAuts
     D:5: 1094 daAuts
     D:3: 1062 daAuts
     D:7: 883 daAuts
     D:2: 710 daAuts
     D:1: 629 daAuts
  Temple: 352 daAuts
   Sewer: 154 daAuts
     D:8: 48 daAuts
